 Dungeon Crawl Stone Soup version 0.27.1-2-g3b301248ec (webtiles) character file.

Game seed: 11846935663444938565

2405 MajorAdolf the Sneak (level 9, -6/78 HPs)
             Began as a Naga Wanderer on Sept 24, 2021.
             Was an Initiate of Sif Muna.
             Mangled by an eight-headed hydra (10 damage)
             ... on level 8 of the Dungeon.
             The game lasted 00:21:41 (12472 turns).

MajorAdolf the Sneak (Naga Wanderer)               Turns: 12472, Time: 00:21:42

Health: -6/78      AC:  7    Str: 19    XL:     9   Next: 47%
Magic:  11/15      EV:  9    Int: 17    God:    Sif Muna [......]
Gold:   385        SH:  4    Dex: 11    Spells: 13/16 levels left

rFire    . . .     SeeInvis +   i - +3 dagger (venom)
rCold    . . .     Faith    .   t - +0 buckler
rNeg     . . .     Spirit   .   B - +1 robe {Will+}
rPois    +         Reflect  .   (no helmet)
rElec    .         Harm     .   (no cloak)
rCorr    .         Rampage  .   m - +1 pair of gloves
Will     +....                  (no barding)
Stlth    ++++......             (no amulet)
HPRegen  0.23/turn              l - +6 ring of strength
MPRegen  0.14/turn              j - +4 ring of slaying

@: about to teleport, weak-willed, very slow
A: AC +3, large, see invisible, deformed body, poison resistance, slowness 2,
spit poison 1, naga tail 1
a: Spit Poison, Renounce Religion


You were on level 8 of the Dungeon.
You worshipped Sif Muna.
Sif Muna was noncommittal.
You visited 2 branches of the dungeon, and saw 10 of its levels.
You also visited: Sewer.

You collected 385 gold pieces.

Inventory:

Hand Weapons
 i - a +3 dagger of venom (weapon)
Missiles
 n - a throwing net
Armour
 c - a +0 robe
 m - a +1 pair of gloves (worn)
 t - a +0 buckler (worn)
 u - a +0 tower shield
 B - a +1 robe of willpower (worn)
Jewellery
 j - a +4 ring of slaying (right hand)
 l - a +6 ring of strength (left hand)
 y - a ring of positive energy
Wands
 e - a wand of polymorph (5)
 r - a wand of paralysis (19)
Scrolls
 g - a scroll of fog
 h - 2 scrolls of immolation
 o - 3 scrolls of teleportation
 q - a scroll of blinking {unknown}
 v - 2 scrolls of magic mapping {unknown}
 w - a scroll of noise {unknown}
Potions
 a - 2 potions of invisibility
 f - a potion of magic
 k - a potion of cancellation
 p - a potion of heal wounds {unknown}
 s - a potion of mutation {unknown}
 x - 2 potions of ambrosia
 z - a potion of haste {unknown}
 A - a potion of degeneration {unknown}


   Skills:
 - Level 4.0 Fighting
 + Level 3.9(4.1) Short Blades
 - Level 2.0(3.2) Long Blades
 - Level 1.0 Throwing
 - Level 1.0 Dodging
 + Level 7.9 Stealth
 + Level 3.0 Shields
 - Level 4.0 Spellcasting
 - Level 4.0 Conjurations
 - Level 4.0 Air Magic
 + Level 5.7 Poison Magic
 + Level 4.0 Evocations


You had 13 spell levels left.
You knew the following spells:

 Your Spells              Type           Power      Damage    Failure   Level
b - Mephitic Cloud        Conj/Pois/Air  18%        N/A       8%          3

Your spell library contained the following spells:

 Spells                   Type           Power      Damage    Failure   Level
 Magic Dart               Conj           68%        1d6       3%          1
 Searing Ray              Conj           34%        3d4       4%          2
 Conjure Flame            Conj/Fire      10%        6-21      21%         3
 Blink                    Tloc           N/A        N/A       24%         2
 Call Imp                 Summ           3%         N/A       24%         2
 Slow                     Hex            3%         N/A       24%         2
 Airstrike                Air            8%         N/A       30%         4
 Confusing Touch          Hex            3%         N/A       43%         3
 Fulminant Prism          Conj/Hex       5%         3d7       56%         4
 Silence                  Hex/Air        5%         N/A       88%         5
 Maxwell's Capacitive Co  Air            8%         ∞         100%        8


Dungeon Overview and Level Annotations

Branches:
Dungeon (9/15)             Temple (1/1) D:6            Lair (0/6) D:9
  Sewer (visited)
    Orc: D:9-12

Altars:
Cheibriados
Elyvilon
Fedhas
Gozag
Kikubaaqudgha
Makhleb
Nemelex Xobeh
Okawaru
Ru
Sif Muna
Trog
Uskayaw
Vehumet
Wu Jian
Xom
Yredelemnul
Zin
The Shining One

Shops:
D:6 *

Annotations:
D:6 exclusion: 2 wights


Innate Abilities, Weirdness & Mutations

Your serpentine skin is tough. (AC +3)
You have supernaturally acute eyesight. (SInv)
Armour fits poorly on your strangely shaped body.
Your system is resistant to poisons. (rPois)
You cover ground very slowly.
You can spit poison.
You have a snake-like lower body.


Message History

The killer bee is heavily wounded.
The killer bee is engulfed in noxious fumes.
The killer bee appears confused.
The killer bee is engulfed in noxious fumes.
The killer bee appears confused.
Unknown command.
You kill the killer bee!
Sif Muna accepts your kill.
Okay, then.
Okay, then.
Okay, then.
As you read the scroll labelled MUUNEG QARESE, it crumbles to dust.
You assume a fearsome visage.
The eight-headed hydra resists with some effort.
It was a scroll of fear.
Unknown command.
As you read the scroll labelled QUSOLE QAILESA, it crumbles to dust.
Magic quickly surges around you.
It was a scroll of vulnerability.
The eight-headed hydra bites you! x2
The eight-headed hydra barely misses you.
The eight-headed hydra bites you but does no damage. x2
The eight-headed hydra closely misses you.
The eight-headed hydra barely misses you.
The eight-headed hydra bites you.
As you read the scroll labelled AMPI WAH JYTIN, it crumbles to dust.
You feel strangely unstable.
It was a scroll of teleportation.
The eight-headed hydra bites you.
The eight-headed hydra barely misses you.
The eight-headed hydra bites you. The eight-headed hydra bites you!
* * * LOW HITPOINT WARNING * * *
The eight-headed hydra bites you!
* * * LOW HITPOINT WARNING * * *
The eight-headed hydra bites you.
* * * LOW HITPOINT WARNING * * *
The eight-headed hydra closely misses you.
The eight-headed hydra barely misses you.
Unknown command.
You block the eight-headed hydra's attack.
The eight-headed hydra bites you!
You die...

### ..# ######## # #.#
#....... #. #.# #.# #
#.##.#########.######
#....................
#.#.#.########...#####
###..# #........> ##
#...@## ##...##### #.#
#..y#D# ##....
#.##....## #.####
#.###.## #.# #.#.##
#+# #.## #.# #.# ...


You could see an eight-headed hydra (weak-willed) and a killer bee
(weak-willed).

Vanquished Creatures
  An elephant (D:9)
  Prince Ribbit (D:7)
  A basilisk (D:9)
  2 water moccasins (D:7)
  2 sky beasts
  A hornet zombie (D:7)
  A centaur (D:5)
  A kobold brigand (D:9)
  3 bullfrogs
  A scorpion (D:5)
  3 killer bees (D:8)
  2 wights (D:6)
  A gnoll shaman (D:5)
  4 hounds
  2 jellies (D:5)
  An orc priest (D:7)
  An iguana (D:5)
  An orc wizard (D:5)
  A killer bee zombie (D:9)
  A hound skeleton (D:4)
  4 adders
  7 gnolls
  2 river rats (D:3)
  An ufetubus (D:5)
  An adder zombie (D:5)
  3 worms
  3 dart slugs
  15 orcs
  17 endoplasms
  17 giant cockroaches
  7 hobgoblins
  9 jackals
  17 quokkas
  16 ball pythons
  3 bats
  8 frilled lizards
  7 goblins
  12 kobolds
  6 rats
186 creatures vanquished.

Vanquished Creatures (others)
  An orc wizard (D:3)
  An orc (D:3)
  A rat (D:3)
  A fungus (D:9)
  A plant (D:5)
5 creatures vanquished.

Grand Total: 191 creatures vanquished

Notes
Turn   | Place    | Note
-------+----------+-------------------------------------------
     0 | D:1      | MajorAdolf the Naga Wanderer began the quest for the Orb.
     0 | D:1      | MajorAdolf set off with the following items: a +0
                  | quarterstaff, a potion of lignification, a +0 robe; and the
                  | following spell memorised: Magic Dart; and the following
                  | spells available to memorise: Blink, Call Imp, Slow,
                  | Conjure Flame, Mephitic Cloud
     0 | D:1      | Reached XP level 1. HP: 19/19 MP: 4/4
   685 | D:1      | Reached skill level 1 in Stealth
   823 | D:1      | Found a faded altar of an unknown god.
   829 | D:1      | Reached XP level 2. HP: 27/27 MP: 6/6
   921 | D:1      | Reached skill level 2 in Stealth
  1901 | D:2      | Reached skill level 3 in Stealth
  1901 | D:2      | Reached XP level 3. HP: 21/33 MP: 7/7
  2036 | D:2      | Learned a level 3 spell: Mephitic Cloud
  3030 | D:3      | Reached XP level 4. HP: 40/40 MP: 8/8
  3056 | D:3      | Found a shimmering altar of Xom.
  3060 | D:3      | Found a shimmering altar of Xom.
  3060 | D:3      | Found a shimmering altar of Xom.
  3066 | D:3      | Found a shimmering altar of Xom.
  3193 | D:3      | Reached skill level 1 in Poison Magic
  3195 | D:3      | Reached skill level 1 in Air Magic
  3199 | D:3      | HP: 2/42 [orc (2)]
  3205 | D:3      | HP: 2/63 [jackal (1)]
  3497 | D:3      | Found a glowing drain.
  3503 | Sewer    | Entered a sewer
  3824 | Sewer    | Reached XP level 5. HP: 11/49 MP: 9/9
  4299 | Sewer    | Reached skill level 1 in Conjurations
  4597 | Sewer    | Reached skill level 4 in Stealth
  5153 | Sewer    | Reached XP level 6. HP: 18/56 MP: 11/11
  5964 | D:3      | Found a shimmering altar of Xom.
  5964 | D:3      | Found a shimmering altar of Xom.
  5968 | D:3      | Found a shimmering altar of Xom.
  6638 | D:4      | Reached skill level 1 in Short Blades
  7327 | D:5      | Entered Level 5 of the Dungeon
  8078 | D:5      | Found a white marble altar of Elyvilon.
  8090 | D:5      | Reached XP level 7. HP: 53/63 MP: 8/12
  8153 | D:5      | Reached skill level 5 in Stealth
  8477 | D:5      | Found a white marble altar of Elyvilon.
  8478 | D:5      | Found a shimmering blue altar of Sif Muna.
  8512 | D:5      | Found a sparkling altar of Nemelex Xobeh.
  8582 | D:5      | Found a glowing golden altar of the Shining One.
  9015 | D:5      | Found a shimmering altar of Xom.
  9209 | D:5      | Reached skill level 1 in Shields
  9500 | D:6      | Got the Disquisition on Cloudy Malediction
  9647 | D:6      | Found a staircase to the Ecumenical Temple.
  9754 | D:6      | Reached XP level 8. HP: 72/72 MP: 9/14
 10003 | D:6      | Found Obuatrif's Neck Hole.
 10519 | Temple   | Entered the Ecumenical Temple
 10898 | D:5      | Became a worshipper of Sif Muna the Loreminder
 10953 | D:7      | Noticed Prince Ribbit
 10968 | D:7      | Killed Prince Ribbit
 10969 | D:7      | Reached skill level 6 in Stealth
 11928 | D:7      | You fall into a shaft and drop 2 floors!
 11941 | D:9      | Reached skill level 5 in Poison Magic
 11941 | D:9      | Reached XP level 9. HP: 60/78 MP: 11/15
 12097 | D:9      | Reached skill level 7 in Stealth
 12187 | D:9      | Found a staircase to the Lair.
 12202 | D:9      | Noticed an elephant
 12221 | D:9      | Killed an elephant
 12459 | D:8      | Noticed an eight-headed hydra
 12470 | D:8      | HP: 3/78 [eight-headed hydra (1)]
 12472 | D:8      | Mangled by an eight-headed hydra

Illustrated notes

Levels and vault maps discovered:
D:1:      dpeg_arrival_simpleton_a, layout_basic, basic_ecumenical_altar,
          serial_park_tiny_2, chequers_garden
D:2:      layout_basic
D:3:      layout_loops_cross, nicolae_xom_altar_mimics, gup_sewer_entry_bubbles,
          lemuel_old_faithful
D:4:      layout_cave_pods, amethyst_killhole
D:5:      layout_gridville, mainiacjoe_overflow_six_doors_small,
          kennysheep_mini, gammafunk_temple_overflow_statue, grunt_ministairs_2,
          hangedman_feature_mirror, serial_bayou_pond_e
D:6:      layout_loops_ring, temple_pool_b, nicolae_shop_sticking_my_neck_out
D:7:      layout_layer_cave, nicolae_overflow_hidden_temple, uniq_prince_ribbit1
D:8:      layout_loops_corners, mainiacjoe_overflow_alcove_2,
          nicolae_qazlal_scattered_showers, nicolae_specific_store,
          solitary_fountain, uniq_pikel
D:9:      minmay_diamond_stairs, layout_basic, david_lair_generic,
          minmay_misc_feat_x
Temple:   oiseaux_autumnal_temple

Skill      XL: |  1  2  3  4  5  6  7  8  9 |
---------------+----------------------------+-----
Stealth        | 1 3 4 5 6 7 |  7.9
Fighting       | 3 4 |  4.0
Poison Magic   | 1 2 3 5 |  5.7
Air Magic      | 1 2 3 4 |  4.0
Conjurations   | 1 2 3 4 |  4.0
Short Blades   | 1 2 3 |  3.9
Shields        | 1 2 3 |  3.0
Evocations     | 2 3 4 |  4.0
Spellcasting   | 4 |  4.0
Long Blades    | |  2.0
Throwing       | |  1.0
Dodging        | |  1.0

Action                   |  1- 3 |  4- 6 |  7- 9 || total
-------------------------+-------+-------+-------++-------
Melee: Quarterstaff      |    59 |       |       ||    59
       Dagger            |    30 |   305 |   156 ||   491
 Cast: Mephitic Cloud    |       |    11 |    23 ||    34
 Abil: Spit Poison       |     9 |    14 |     9 ||    32
Evoke: Wand              |       |       |     1 ||     1
  Use: Scroll            |     4 |       |     7 ||    11
       Potion            |       |     1 |       ||     1
 Stab: Sleeping          |     7 |     7 |       ||    14
       Confused          |       |     1 |     8 ||     9
       Paralysed         |       |       |     2 ||     2
Armor: Robe              |     8 |    61 |    34 ||   103
       Skin              |       |    15 |       ||    15
Dodge: Dodged            |    52 |   146 |    65 ||   263
Block: Buckler           |       |     6 |    28 ||    34
